 Dungeon Crawl Stone Soup version 0.23.0 (webtiles) character file.

Game seed: 15668946708626012869

1666 Folque the Digger (level 8, -1/61 HPs)
             Began as a Pale Draconian Earth Elementalist on Feb 10, 2019.
             Slain by a red ugly thing (13 damage)
             ... on level 6 of the Dungeon.
             The game lasted 00:27:47 (6063 turns).

Folque the Digger (DrEE)                            Turns: 6063, Time: 00:27:48

Health: -1/61      AC:  6    Str: 11    XL:     8   Next: 69%
Magic:  4/15       EV: 13    Int: 18    God:
Gold:   280        SH:  5    Dex: 14    Spells: 2/17 levels left

rFire    . . .     SeeInvis .   f - +3 short sword (drain)
rCold    . . .     Gourm    .   y - +0 buckler
rNeg     . . .     Faith    .   (armour unavailable)
rPois    +         Spirit   .   (helmet restricted)
rElec    .         Reflect  .   (no cloak)
rCorr    .         Harm     .   (no gloves)
MR       .....                  (no boots)
Stlth    ++........             (no amulet)
HPRegen  0.20/turn              j - +3 ring of dexterity
MPRegen  0.14/turn              o - ring of poison resistance

@: studying Fighting
A: breathe steam, unfitting armour, cold-blooded, AC +6
a: Breathe Steam


You were on level 6 of the Dungeon.
You were hungry.

You visited 2 branches of the dungeon, and saw 8 of its levels.

You collected 280 gold pieces.

Inventory:

Hand Weapons
 f - a +3 short sword of draining (weapon)
 i - a +1 dagger of speed
 z - the +0 sword of Power
   (You found it on level 5 of the Dungeon)
 E - a +1 great mace of protection
Missiles
 b - 248 stones (quivered)
Armour
 y - a +0 buckler (worn)
 B - a cursed +0 shield
Jewellery
 j - a +3 ring of dexterity (left hand)
 k - an uncursed ring of flight
 o - a ring of poison resistance (right hand)
 r - an uncursed amulet of the acrobat {unknown}
 v - an uncursed ring of protection from cold {unknown}
 C - an uncursed ring of fire {unknown}
Wands
 m - a wand of flame (21)
 G - a wand of polymorph (2)
Scrolls
 e - 3 scrolls of random uselessness {unknown}
 h - 4 scrolls of remove curse
 n - 3 scrolls of identify
 s - 2 scrolls of enchant weapon
 t - a scroll of blinking {unknown}
 u - a scroll of amnesia
 D - a scroll of torment
Potions
 a - 5 potions of curing
 d - 2 potions of agility {unknown}
 g - 2 potions of heal wounds {unknown}
 l - a potion of mutation {unknown}
 p - 2 potions of might {unknown}
 q - a potion of invisibility {unknown}
 w - a potion of degeneration {unknown}
 A - a potion of berserk rage {unknown}
Books
 x - a manual of Fighting
Comestibles
 c - 17 rations


   Skills:
 - Level 2.0 Fighting
 * Level 1.3 Short Blades
 - Level 3.0 Dodging
 + Level 3.3 Stealth
 - Level 4.0 Shields
 - Level 5.0 Spellcasting
 - Level 2.0 Conjurations
 - Level 2.1 Transmutations
 * Level 7.4 Earth Magic


You had 2 spell levels left.
You knew the following spells:

 Your Spells              Type           Power        Failure   Level  Hunger
a - Sandblast             Erth           ####..       1%          1    None
b - Passwall              Tmut/Erth      ###.....     2%          2    #......
c - Stone Arrow           Conj/Erth      ###...       6%          3    ##.....
d - Lee's Rapid Deconstr  Erth           ####......   19%         5    ######.
e - Petrify               Tmut/Erth      ###.....     19%         4    ####...

Your spell library contained the following spells:

 Spells                   Type           Power        Failure   Level  Hunger


Dungeon Overview and Level Annotations

Branches:
Dungeon (7/15)             Temple (1/1) D:4

Altars:
Ashenzari
Cheibriados
Dithmenos
Elyvilon
Fedhas
Gozag
Hepliaklqana
Kikubaaqudgha
Makhleb
Nemelex Xobeh
Okawaru
Qazlal
Ru
Trog
Uskayaw
Wu Jian
Xom
Zin
The Shining One


Innate Abilities, Weirdness & Mutations

You can breathe blasts of scalding, opaque steam.
Your pale cyan-grey scales are hard. (AC +6)
You cannot fit into any form of body armour.
You are cold-blooded and may be slowed by cold attacks.


Message History

The red ugly thing closely misses you.
You see here a +0 dagger.
The red ugly thing stings you.
You are engulfed in flames!!
The orc warrior shouts!
The orc warrior throws an exploding tomahawk.
The exploding tomahawk barely misses you.
The exploding tomahawk closely misses the red ugly thing.
The exploding tomahawk explodes!
The explosion of tomahawk fragments engulfs the red ugly thing but does no damage.
The orc warrior throws an exploding tomahawk.
The exploding tomahawk closely misses you.
The exploding tomahawk explodes!
The explosion of tomahawk fragments engulfs you but does no damage.
The red ugly thing stings you.
You are engulfed in flames!
The giant cockroach barely misses you.
There is a stone staircase leading down here.
You block the giant cockroach's attack. The red ugly thing stings you!
* * * LOW HITPOINT WARNING * * *
You are engulfed in flames!
You die...

......#
##...###.####
......#
#.#.##.....##...
......#
#[#.####.....#
.....##
##[#.)>#..##.....
....## #..###.#.##
##. ##### #.##
#...# #.####..##
#########[.o...s.#
#.........####.u@#
#........## #...#
#.....#### #####
#.....# #######


You could see a red ugly thing, an orc warrior and a giant cockroach.

Vanquished Creatures
  Sigmund (D:6)
  A sky beast (D:5)
  3 phantoms
  3 ogres
  A centaur (D:5)
  Blork the orc (D:5)
  3 scorpions
  A crimson imp (D:5)
  A bullfrog zombie (D:5)
  A jelly (D:6)
  A quasit (D:5)
  A hound (D:4)
  4 orc wizards
  A centaur skeleton (D:4)
  2 worker ants
  Robin (D:2)
  A howler monkey skeleton (D:5)
  6 adders
  2 oozes (D:2)
  2 adder skeletons (D:4)
  6 worms
  5 dart slugs
  2 leopard geckos
  21 orcs
  A ball python (D:1)
  10 giant cockroaches
  16 goblins
  10 hobgoblins
  8 jackals
  5 quokkas
  7 bats
  7 frilled lizards
  10 kobolds
  A quokka zombie (D:6)
  9 rats
155 creatures vanquished.

Notes
Turn   | Place    | Note
-------+----------+-------------------------------------------
     0 | D:1      | Folque the Draconian Earth Elementalist began the quest for
                  | the Orb.
     0 | D:1      | Reached XP level 1. HP: 14/14 MP: 3/3
   111 | D:1      | Reached skill level 1 in Fighting
   238 | D:1      | Reached XP level 2. HP: 23/23 MP: 5/5
   805 | D:2      | Learned a level 2 spell: Passwall
   813 | D:2      | Reached XP level 3. HP: 19/29 MP: 6/6
   860 | D:2      | Found a hazy altar of Hepliaklqana.
   952 | D:2      | Noticed Robin
   985 | D:2      | Killed Robin
  1110 | D:2      | Reached XP level 4. HP: 36/36 MP: 8/8
  1177 | D:2      | Learned a level 3 spell: Stone Arrow
  1428 | D:2      | Found a blossoming altar of Fedhas.
  2081 | D:3      | Reached XP level 5. HP: 41/41 MP: 10/10
  2088 | D:3      | Learned a level 5 spell: Lee's Rapid Deconstruction
  2230 | D:3      | Reached skill level 4 in Earth Magic
  2584 | D:4      | Reached skill level 1 in Conjurations
  2856 | D:4      | Found a staircase to the Ecumenical Temple.
  2888 | Temple   | Entered the Ecumenical Temple
  3202 | D:4      | Reached XP level 6. HP: 39/48 MP: 4/12
  3344 | D:4      | Found a shimmering altar of Xom.
  3494 | D:4      | Reached skill level 5 in Spellcasting
  3500 | D:4      | Learned a level 4 spell: Petrify
  3631 | D:4      | Reached skill level 5 in Earth Magic
  3797 | D:4      | Your scales start taking on a pale cyan-grey colour.
  3797 | D:4      | Reached XP level 7. HP: 55/55 MP: 10/14
  3861 | D:5      | Entered Level 5 of the Dungeon
  3920 | D:5      | Found the +0 sword of Power
  4119 | D:5      | Reached skill level 1 in Shields
  4345 | D:5      | Reached skill level 6 in Earth Magic
  4403 | D:5      | Reached XP level 8. HP: 47/61 MP: 5/15
  4692 | D:5      | Found a snail-covered altar of Cheibriados.
  4751 | D:5      | Found a bloodstained altar of Trog.
  4753 | D:5      | Found an ornate altar of the Wu Jian Council.
  4756 | D:5      | Found an ancient bone altar of Kikubaaqudgha.
  5202 | D:6      | Noticed Blork the orc
  5250 | D:5      | Killed Blork the orc
  5401 | D:6      | Noticed Sigmund
  5468 | D:6      | Killed Sigmund
  5468 | D:6      | Reached skill level 7 in Earth Magic
  5644 | D:7      | Noticed a troll
  6006 | D:6      | Reached skill level 1 in Short Blades
  6018 | D:6      | Noticed a red ugly thing
  6063 | D:6      | Slain by a red ugly thing

Skill      XL: |  1  2  3  4  5  6  7  8 |
---------------+-------------------------+-----
Fighting       | 1 2 |  2.0
Spellcasting   | 3 4 5 |  5.0
Earth Magic    | 4 5 6 7 |  7.4
Conjurations   | 1 2 |  2.0
Dodging        | 3 |  3.0
Transmutations | 2 |  2.1
Shields        | 2 4 |  4.0
Stealth        | 3 |  3.3
Short Blades   | 1 |  1.3

Action                   |  1- 3 |  4- 6 |  7- 9 || total
-------------------------+-------+-------+-------++-------
Melee: Short sword       |    70 |   169 |    92 ||   331
       Unarmed           |     5 |       |       ||     5
       Tailslap          |     4 |    17 |    13 ||    34
 Cast: Sandblast         |    11 |     7 |    11 ||    29
       Stone Arrow       |       |    33 |    33 ||    66
       Passwall          |       |     2 |     1 ||     3
       Petrify           |       |       |    11 ||    11
       Lee's Rapid Decon |       |       |     1 ||     1
 Abil: Breathe Steam     |       |       |     2 ||     2
Evoke: Wand              |       |       |     5 ||     5
  Use: Scroll            |     3 |       |     2 ||     5
       Potion            |       |     1 |     1 ||     2
 Stab: Sleeping          |     3 |     3 |     1 ||     7
       Distracted        |     1 |     1 |       ||     2
       Petrified         |       |       |    19 ||    19
  Eat: Chunk             |     1 |    11 |     8 ||    20
       Ration            |       |       |     1 ||     1
Armor: Skin              |    21 |    51 |    30 ||   102
Dodge: Dodged            |    44 |    83 |    65 ||   192
Block: Buckler           |       |       |    11 ||    11
